 Dungeon Crawl Stone Soup version 0.28.0-43-g3370ac3207 (webtiles) character file.

Game seed: 1345377105655314251

1480 pkoi the Martial Artist (level 8, -4/63 HPs)
             Began as a Demigod Gladiator on Mar 30, 2022.
             Slain by a wight
             ... wielding a +2 vorpal long sword
              (12 damage)
             ... on level 5 of the Dungeon.
             The game lasted 00:11:04 (7841 turns).

pkoi the Martial Artist (Demigod Gladiator)         Turns: 7841, Time: 00:11:05

Health: -4/63      AC:  6    Str: 15    XL:     8   Next: 25%
Magic:  10/10      EV: 12    Int: 18    God:
Gold:   306        SH:  5    Dex: 15    Spells: 7/7 levels left

rFire   + . .      SeeInvis .     - Unarmed
rCold   . . .      Faith    .   (no shield)
rNeg    . . .      Spirit   .   a - +0 leather armour
rPois   +          Reflect  +   b - +1 helmet
rElec   .          Harm     .   f - +0 cloak
rCorr   .          Rampage  .   (no gloves)
Will    .....                   (no boots)
Stlth   +.........              w - amulet of reflection
HPRegen 0.20/turn               x - ring of poison resistance
MPRegen 0.12/turn               j - ring of protection from fire

@: no status effects
A: high MP 1, forlorn, divine attributes
a: no special abilities


You were on level 5 of the Dungeon.
You visited 2 branches of the dungeon, and saw 7 of its levels.

You collected 306 gold pieces.

Inventory:

Hand Weapons
 d - a +1 dagger
 u - a +5 flail of holy wrath
Missiles
 c - 3 throwing nets
 g - 3 curare-tipped darts
 i - 29 poisoned darts (quivered)
 l - 4 silver javelins
 y - 2 boomerangs
Armour
 a - a +0 leather armour (worn)
 b - a +1 helmet (worn)
 f - a +0 cloak (worn)
Jewellery
 e - a +6 ring of intelligence
 j - a ring of protection from fire (right hand)
 o - a ring of wizardry
 w - an amulet of reflection (around neck)
 x - a ring of poison resistance (left hand)
 B - an amulet of guardian spirit
Wands
 h - a wand of paralysis (9)
 p - a wand of charming (6)
 s - a wand of iceblast (9)
Scrolls
 n - a scroll of enchant weapon
 t - 2 scrolls of magic mapping
 v - 2 scrolls of teleportation
 z - a scroll of identify
Potions
 k - a potion of curing
 m - a potion of cancellation
 q - a potion of heal wounds
 r - a potion of berserk rage {unknown}
 A - 2 potions of lignification {unknown}


   Skills:
 - Level 3.0 Fighting
 - Level 3.0 Throwing
 - Level 3.0 Dodging
 * Level 8.8 Unarmed Combat
 - Level 3.0 Evocations


You had 7 spell levels left.
You didn't know any spells.
Your spell library was empty.

Dungeon Overview and Level Annotations

Branches:
Dungeon (6/15)             Temple (1/1) D:4

Shops:
D:2 :

Annotations:
D:3 2 transporters, SethGStewart's ghost, amateur MiBe
D:5 1 runed translucent door, Crazy Yiuf


Innate Abilities, Weirdness & Mutations

You have an increased reservoir of magic. (+10% MP)
You shall have no god before yourself.
Your divine heritage dramatically boosts your attributes as you level up.


Message History

You hit the wight but do no damage. The wight barely misses you.
You hit the wight.
The wight is lightly damaged.
The wight hits you with a +2 vorpal long sword!
* * * LOW HITPOINT WARNING * * *
You feel drained.
* * * LOW HITPOINT WARNING * * *
x2 You closely miss the wight.
The wight is lightly damaged.
The wight closely misses you.
The wight hits you with a +2 vorpal long sword.
* * * LOW HITPOINT WARNING * * *
x2 You hit the wight.
The wight is moderately damaged.
The wight hits you with a +1 short sword.
* * * LOW HITPOINT WARNING * * *
The wight closely misses you.
Unknown command.
You hit the wight but do no damage. You punch the wight.
The wight is moderately damaged.
The wight closely misses you. The wight barely misses you.
Unknown command.
You hit the wight but do no damage.
The wight is moderately damaged.
The wight hits you with a +1 short sword!
* * * LOW HITPOINT WARNING * * *
Unknown command.
You hit the wight. You punch the wight.
You destroy the wight!
You block the wight's attack.
Your life force feels restored.
Unknown command.
You barely miss the wight.
The wight hits you with a +2 vorpal long sword!
* * * LOW HITPOINT WARNING * * *
x2 You hit the wight but do no damage.
The wight misses you.
You punch the wight!
The wight is heavily damaged.
The wight hits you with a +2 vorpal long sword!
You die...

### #.# #.# ### ##
#.## ##.# ##. ###
#..#####).# ####.#
#.## ##....z@[##
#....# ##.##
#......## ##.##..
##.### ##....##
#...##.
##..####....##
##..###
##.........†##
#....#
#...........######
♣.♣..♣
###.........†....#
♣♣...♣
########.......#
♣♣.♣♣ ####
######### ♣♣.♣


You could see a wight.

Vanquished Creatures
  Edmund (D:4)
  2 ogres (D:6)
  A necrophage (D:5)
  A centaur (D:6)
  A kobold brigand (D:5)
  A scorpion (D:3)
  A water moccasin skeleton (D:6)
  5 wights (D:5)
  A bullfrog zombie (D:5)
  A centaur skeleton (D:6)
  2 hounds
  2 jellies
  A bullfrog skeleton (D:6)
  An iron imp (D:5)
  3 iguanas
  Ijyb (D:3)
  A hound skeleton (D:4)
  11 gnolls
  6 adders
  A howler monkey skeleton (D:5)
  A white imp (D:5)
  3 ufetubi
  A dart slug (D:3)
  A worm (D:2)
  3 orcs
  9 endoplasms
  A giant cockroach (D:3)
  6 goblins
  2 hobgoblins (D:1)
  6 jackals
  24 kobolds
  4 quokkas
  6 ball pythons
  3 bats (D:2)
  6 frilled lizards
  2 rats
122 creatures vanquished.

Vanquished Creatures (others)
  5 fungi (D:5)
  5 plants (D:5)
10 creatures vanquished.

Grand Total: 132 creatures vanquished

Notes
Turn   | Place    | Note
-------+----------+-------------------------------------------
     0 | D:1      | pkoi the Demigod Gladiator began the quest for the Orb.
     0 | D:1      | Reached XP level 1. HP: 17/17 MP: 3/3
    71 | D:1      | Reached skill level 3 in Unarmed Combat
   458 | D:1      | Reached XP level 2. HP: 24/24 MP: 4/4
   881 | D:2      | Reached XP level 3. HP: 27/29 MP: 5/5
   892 | D:2      | Reached skill level 4 in Unarmed Combat
  1567 | D:2      | Found Loocusm's Book Shop.
  2268 | D:3      | Noticed Ijyb
  2413 | D:3      | Found a transporter.
  2508 | D:3      | Noticed a scorpion
  2521 | D:3      | Killed a scorpion
  2522 | D:3      | Reached XP level 4. HP: 36/36 MP: 6/6
  2618 | D:3      | Noticed a necrophage
  2621 | D:3      | Found a transporter.
  2646 | D:3      | Noticed SethGStewart's ghost (amateur MiBe)
  2838 | D:3      | Killed Ijyb
  2873 | D:3      | Reached skill level 5 in Unarmed Combat
  2987 | D:3      | Reached XP level 5. HP: 34/42 MP: 7/7
  3329 | D:4      | Noticed Edmund
  3619 | D:4      | Killed Edmund
  3620 | D:4      | Reached skill level 1 in Evocations
  3620 | D:4      | Reached XP level 6. HP: 45/50 MP: 8/8
  4586 | D:4      | Found a staircase to the Ecumenical Temple.
  4596 | Temple   | Entered the Ecumenical Temple
  5154 | D:5      | Entered Level 5 of the Dungeon
  5263 | D:5      | Reached skill level 6 in Unarmed Combat
  5535 | D:5      | Reached XP level 7. HP: 57/57 MP: 9/9
  6497 | D:5      | Reached skill level 7 in Unarmed Combat
  6893 | D:5      | Found a runed translucent door.
  6894 | D:5      | Noticed Crazy Yiuf
  7207 | D:6      | Reached skill level 8 in Unarmed Combat
  7207 | D:6      | Reached XP level 8. HP: 50/63 MP: 10/10
  7841 | D:5      | Slain by a wight

Illustrated notes

Levels and vault maps discovered:
D:1:      mrwooster_arrival_statue_2, layout_rooms,
          shapermc_ecumenical_altar_pompeii, chequers_serial_rivers_small_b
D:2:      layout_basic, serial_shops, shop
D:3:      layout_loops_cross, gammafunk_ghost_mausoleum, uniq_ijyb
D:4:      layout_layer_cave, nemelex_xobeh_ov_fountains_minmay,
          nicolae_overflow_hidden_temple, nicolae_ru_sacrificial_ziggurat,
          lemuel_crystal_altar, temple_statues, hangedman_decor_growths,
          uniq_edmund
D:5:      kennysheep_kobold_camp, layout_layer_cave, slow_altar_2,
          kennysheep_generic_room_3, uniq_crazy_yiuf_cottage
D:6:      cheibrodos_iron_armory, layout_basic, st_stairs_2
Temple:   jpeg_temple_clearing

Skill      XL: |  1  2  3  4  5  6  7 |
---------------+----------------------+-----
Unarmed Combat | 3 4 5 6 8 |  8.8
Fighting       | 2 3 |  3.0
Dodging        | 3 |  3.0
Throwing       | 2 3 |  3.0
Evocations     | 1 2 3 |  3.0

Action                   |  1- 3 |  4- 6 |  7- 9 || total
-------------------------+-------+-------+-------++-------
Melee: Unarmed           |   136 |   160 |   174 ||   470
       Punch             |     2 |    10 |    11 ||    23
       Flail             |       |     9 |     7 ||    16
Throw: Dart              |     3 |     6 |     2 ||    11
Evoke: Wand              |       |     3 |       ||     3
  Use: Scroll            |    10 |     3 |     2 ||    15
 Stab: Paralysed         |       |    15 |       ||    15
Armor: Leather armour    |    35 |    44 |    38 ||   117
Dodge: Dodged            |   103 |    79 |    82 ||   264
Block: Other             |       |       |    30 ||    30
       Reflection        |       |       |     1 ||     1
